 Dungeon Crawl Stone Soup version 0.20.2-3-g29329e0561 (webtiles) character file.

188 Alfie the Skirmisher (level 5, 0/47 HPs)
             Began as a Hill Orc Fighter on Aug 30, 2022.
             Slain by a white imp (1 damage)
             ... summoned by Eustachio
             ... on level 4 of the Dungeon.
             The game lasted 00:07:18 (1894 turns).

Alfie the Skirmisher (Hill Orc Fighter)             Turns: 1894, Time: 00:07:18

Health: 0/47       AC:  8    Str: 20    XL:     5   Next: 67%
Magic:  5/5        EV:  8    Int: 13    God:
Gold:   142        SH:  9    Dex: 10    Spells: 4/4 levels left

rFire    . . .     SeeInvis .   a - +0 rapier
rCold    . . .     Gourm    .   c - +0 shield
rNeg     . . .     Faith    .   b - +1 scale mail
rPois    .         Spirit   .   (no helmet)
rElec    .         Reflect  .   (no cloak)
rCorr    .         Harm     .   (no gloves)
MR       .....                  (no boots)
Stlth    ..........             (no amulet)
Regen    0.2/turn               (no ring)
MPRegen  0.1/turn               (no ring)

@: brilliant
A: no striking features
a: no special abilities


You were on level 4 of the Dungeon.
You were not hungry.

You visited 1 branch of the dungeon, and saw 4 of its levels.

You collected 142 gold pieces.

Inventory:

Hand Weapons
 a - a +0 rapier (weapon)
Missiles
 i - 8 tomahawks (quivered)
Armour
 b - a +1 scale mail (worn)
 c - a +0 shield (worn)
Jewellery
 h - a +3 ring of intelligence
Wands
 e - a wand of acid (9/15)
Scrolls
 f - a scroll of identify
 j - a scroll of amnesia
 k - 2 scrolls of remove curse
Comestibles
 g - 3 meat rations


   Skills:
 + Level 4.4 Fighting
 + Level 3.6 Short Blades
 + Level 4.1 Armour
 + Level 1.0 Dodging
 + Level 0.1 Stealth
 + Level 4.3 Shields


You had 4 spell levels left.
You didn't know any spells.

Dungeon Overview and Level Annotations

Branches:
Dungeon (4/15)             Temple (0/1) D:4

Altars:
Elyvilon
Trog

Shops:
D:4 *

Annotations:
D:4 Eustachio


Message History

You block the ufetubus's attack.
The ufetubus hits you but does no damage.
The river rat barely misses you. You block the rat's attack.
You block Eustachio's attack. The river rat barely misses you.
You see here a ball python corpse.
You puncture the rat!
You kill the rat!
The rat's corpse disappears in a puff of smoke!
You feel a little less mighty now. You block the white imp's attack.
The ufetubus barely misses you. You block the ufetubus's attack.
Eustachio mumbles some strange words.
Eustachio blinks!
Unknown command.
The ufetubus hits you but does no damage.
The ufetubus hits you.
* * * LOW HITPOINT WARNING * * *
The white imp hits you.
You die...

#### .... @
...######## .
.........##########
.####................#
...##................#
....#........rr55....#
....#.!.......§r@$...#
_....$5..@.∩##########
....#.#####.# ....#.#
#... ...##.# #.#...
.####.# #.##8.>
......# #.# .$.
...<#######.###.8
>..............


You could see Eustachio, a river rat, a white imp, an ufetubus and 2 rats.

Vanquished Creatures
  An orc wizard (D:4)
  A gnoll (D:1)
  5 adders
  A howler monkey skeleton (D:4)
  2 oozes (D:2)
  5 worms
  2 dart slugs (D:3)
  2 leopard geckos
  4 orcs (D:4)
  8 bats
  2 giant cockroaches
  8 goblins
  5 hobgoblins
  5 jackals
  5 kobolds
  A ball python (D:4)
  5 frilled lizards
  10 rats
72 creatures vanquished.

Notes
Turn   | Place    | Note
-------+----------+-------------------------------------------
     0 | D:1      | Alfie the Hill Orc Fighter began the quest for the Orb.
     0 | D:1      | Reached XP level 1. HP: 19/19 MP: 1/1
     3 | D:1      | Noticed an electric eel
   109 | D:1      | Reached XP level 2. HP: 26/27 MP: 2/2
   275 | D:1      | Noticed an electric eel
   433 | D:1      | Reached XP level 3. HP: 28/33 MP: 3/3
   849 | D:2      | Reached XP level 4. HP: 15/40 MP: 4/4
  1397 | D:3      | Noticed a moth of wrath
  1400 | D:3      | Found a bloodstained altar of Trog.
  1419 | D:3      | Reached XP level 5. HP: 42/46 MP: 5/5
  1784 | D:4      | Found a white marble altar of Elyvilon.
  1858 | D:4      | Noticed Eustachio
  1864 | D:4      | Found Myturat's Assorted Antiques.
  1872 | D:4      | Reached skill level 1 in Dodging
  1875 | D:4      | Found a staircase to the Ecumenical Temple.
  1890 | D:4      | HP: 2/47 [ufetubus[Eustachio] (3)]
  1894 | D:4      | Slain by a white imp

Skill      XL: |  1  2  3  4  5 |
---------------+----------------+-----
Fighting       | 4 |  4.4
Shields        | 4 |  4.3
Short Blades   | 3 |  3.6
Armour         | 4 |  4.1
Dodging        | 1 |  1.0
Stealth        | |  0.1

Action                   |  1- 3 |  4- 6 || total
-------------------------+-------+-------++-------
Melee: Rapier            |   134 |   171 ||   305
Throw: Tomahawk          |       |     2 ||     2
  Use: Scroll            |     4 |     4 ||     8
       Potion            |       |     3 ||     3
  Eat: Bread ration      |       |     1 ||     1
Armor: Scale mail        |    56 |    78 ||   134
Dodge: Dodged            |    47 |    56 ||   103
Block: Shield            |    74 |   103 ||   177
